 Dungeon Crawl Stone Soup version 0.23-a0-767-gdc19b93d68 (webtiles) character file.

9533 Leibowitz the Carver (level 11, -11/95 HPs)
             Began as a Minotaur Fighter on Jan 24, 2019.
             Was a Plaything of Xom.
             Mangled by a skeletal warrior
             ... wielding a +5 halberd of venom
              (23 damage)
             ... on level 10 of the Dungeon.
             The game lasted 00:30:39 (10457 turns).

Leibowitz the Carver (Minotaur Fighter)            Turns: 10457, Time: 00:30:40

Health: -11/95     AC: 15    Str: 24    XL:     11   Next: 24%
Magic:  11/11      EV: 10    Int: 11    God:    Xom [.....*]
Gold:   798        SH: 13    Dex: 16    Spells: 10/10 levels left

rFire    . . .     SeeInvis .   a - +3 scimitar (freeze)
rCold    . . .     Gourm    .   c - +0 shield
rNeg     + + .     Faith    +   y - +0 plate armour
rPois    .         Spirit   .   (helmet restricted)
rElec    .         Reflect  .   (no cloak)
rCorr    .         Harm     .   b - +0 pair of gloves of the Hills {rN++ Int+6}
MR       ++...                  (no boots)
Stlth    ..........             C - amulet of faith
HPRegen  0.25/turn              B - ring of protection from magic
MPRegen  0.12/turn              n - +6 ring of dexterity

@: cleaving
A: retaliatory headbutt, horns 2, blink, magic resistance 1
a: Blink, Renounce Religion


You were on level 10 of the Dungeon.
You worshipped Xom.
You were Xom's teddy bear.
You were not hungry.

You visited 2 branches of the dungeon, and saw 11 of its levels.

You collected 798 gold pieces.

Inventory:

Hand Weapons
 a - a +3 scimitar of freezing (weapon)
 I - a +0 great sword
Armour
 b - the +0 pair of gloves of the Hills (worn) {rN++ Int+6}
   (Xom gifted it to you on level 7 of the Dungeon)

   It affects your intelligence (+6).
   It greatly protects you from negative energy.
 c - a +0 shield (worn)
 y - a +0 plate armour (worn)
Jewellery
 g - an uncursed ring of see invisible
 n - a +6 ring of dexterity (right hand)
 q - an uncursed amulet of rage
 s - an uncursed ring of flight
 A - an uncursed ring of ice
 B - a ring of protection from magic (left hand)
 C - an amulet of faith (around neck)
 E - an uncursed amulet of the acrobat
Wands
 t - a wand of disintegration (27)
 u - a wand of paralysis (19)
 v - a wand of random effects (25)
 H - a wand of polymorph (8)
Scrolls
 h - 5 scrolls of identify
 j - 4 scrolls of teleportation
 m - 2 scrolls of fear
 r - 6 scrolls of remove curse
 x - 2 scrolls of magic mapping
 D - a scroll of blinking
Potions
 d - a potion of might
 e - 2 potions of haste
 i - a potion of lignification
 k - 3 potions of curing
 l - a potion of agility
 o - 3 potions of flight
 p - a potion of magic
Comestibles
 f - 18 rations
 z - 2 chunks of flesh


   Skills:
 * Level 8.7 Fighting
 * Level 11.9 Long Blades
 * Level 9.3 Armour
 * Level 6.3 Dodging
 * Level 11.1 Shields
 + Level 2.0 Evocations


You had 10 spell levels left.
You didn't know any spells.
Your spell library was empty.

Dungeon Overview and Level Annotations

Branches:
Dungeon (10/15)            Temple (1/1) D:5            Lair (0/6) D:10
    Orc: D:9-12

Altars:
Ashenzari
Cheibriados
Dithmenos
Elyvilon
Fedhas
Gozag
Hepliaklqana
Kikubaaqudgha
Makhleb
Nemelex Xobeh
Okawaru
Qazlal
Ru
Sif Muna
Trog
Uskayaw
Vehumet
Wu Jian
Xom
Yredelemnul
Zin
The Shining One

Shops:
D:6 %   D:7 ?

Annotations:
D:10 1 transporter


Innate Abilities, Weirdness & Mutations

You reflexively headbutt those who attack you in melee.
You have a pair of horns on your head.
You can translocate small distances at will.
You are resistant to hostile enchantments. (MR+)


Message History

Your rust devil corrodes the skeletal warrior!
The skeletal warrior barely misses your crimson imp.
Your white imp disappears in a puff of smoke!
Something hits your crimson imp!
Your crimson imp dies!
Your iron imp hits the phantom but does no damage.
You hit the phantom. You headbutt the phantom!
The phantom is heavily damaged.
The phantom hits your iron imp.
Your iron imp hits the phantom.
You slash the phantom!
The phantom is almost destroyed.
Your iron imp disappears in a puff of smoke!
You block the phantom's attack.
Your crimson imp blinks!
You hit the phantom. You headbutt the phantom.
You destroy the phantom!
Your crimson imp blinks!
The skeletal warrior hits you with a +5 halberd of venom!!
You die...
Xom snickers!

............#.Z.........#...)..#
##.####...#.#..###.###..#.#...##
#(####..##.#..#8#.#8#..#((...#
#.......#..#..........%#...###
######....©#...z.z....)#©..#
#.##..#.....34...[#..##
#.###.#..#8#.#8#..#..#
#.###.#..###3###..#..#
#[....#...@z§..§..#..#
#.###.#...5§......#..# #.#
#.#############..#
#.###................#
#...................§#
#####.##.##...########
#.........# ####.###..# #)# #..#


You could see a skeletal warrior, a friendly neqoxec and a friendly iron imp.

Vanquished Creatures
  The ghost of Ashur the Basher, a journeyman MiGl of Okawaru (D:10)
  Urug (D:10)
  A deep elf archer (D:8)
  Pikel (D:3)
  An ugly thing (D:8)
  A spectral centaur (D:10)
  A hippogriff (D:8)
  A vampire (D:10)
  A wyvern (D:10)
  4 yaks (D:10)
  Menkaure (D:5)
  Edmund (D:5)
  2 orc warriors
  2 ice beasts
  A black bear (D:5)
  5 phantoms
  5 ogres
  5 sky beasts
  3 centaurs
  A big kobold (D:10)
  A gnoll sergeant (D:10)
  5 bullfrogs
  A scorpion (D:4)
  5 killer bees
  A howler monkey (D:9)
  7 wights
  7 jellies
  4 crimson imps
  7 orc priests
  3 hounds
  13 orc wizards
  A centaur skeleton (D:5)
  A bullfrog skeleton (D:10)
  2 iguanas
  8 worker ants
  A bullfrog simulacrum (D:10)
  A howler monkey zombie (D:6)
  4 gnolls (D:3)
  A howler monkey skeleton (D:9)
  13 adders
  A river rat (D:8)
  2 shadow imps (D:8)
  5 oozes (D:10)
  2 adder skeletons (D:8)
  2 worms
  2 dart slugs
  7 leopard geckos
  46 orcs
  A ball python (D:3)
  6 giant cockroaches
  14 goblins
  9 hobgoblins
  24 jackals
  3 quokkas
  9 bats
  2 frilled lizards (D:3)
  2 gnoll zombies (D:7)
  3 jackal skeletons
  7 kobolds
  A leopard gecko skeleton (D:7)
  9 rats
282 creatures vanquished.

Vanquished Creatures (collateral kills)
  A komodo dragon (D:10)
  2 ogres (D:7)
  A big kobold (D:7)
  A bullfrog (D:7)
  2 killer bees (D:10)
  An orc wizard (D:7)
8 creatures vanquished.

Vanquished Creatures (others)
  A dancing weapon (D:7)
  A deep elf archer (D:8)
  A shadow imp (D:10)
  18 plants (D:10)
21 creatures vanquished.

Grand Total: 311 creatures vanquished

Notes
Turn   | Place    | Note
-------+----------+-------------------------------------------
     0 | D:1      | Leibowitz the Minotaur Fighter began the quest for the Orb.
     0 | D:1      | Reached XP level 1. HP: 19/19 MP: 0/0
    87 | D:1      | Reached XP level 2. HP: 23/27 MP: 1/1
   646 | D:2      | Reached XP level 3. HP: 33/33 MP: 2/2
   775 | D:2      | Reached skill level 1 in Dodging
  1190 | D:2      | Reached XP level 4. HP: 37/40 MP: 3/3
  2335 | D:3      | Reached XP level 5. HP: 47/47 MP: 4/4
  2543 | D:4      | Reached skill level 5 in Shields
  2633 | D:4      | Found a glowing silver altar of Zin.
  3060 | D:4      | Reached XP level 6. HP: 53/53 MP: 5/5
  3270 | D:4      | Noticed a slave
  3270 | D:4      | Noticed a slave
  3270 | D:4      | Noticed Pikel
  3270 | D:4      | Noticed a slave
  3275 | D:4      | Noticed a slave
  3329 | D:3      | Killed Pikel
  3329 | D:3      | Reached skill level 5 in Fighting
  3329 | D:3      | Reached skill level 5 in Long Blades
  3329 | D:3      | Reached skill level 5 in Armour
  3329 | D:3      | Reached skill level 1 in Evocations
  3329 | D:3      | Reached XP level 7. HP: 12/61 MP: 6/6
  3696 | D:5      | Entered Level 5 of the Dungeon
  3696 | D:5      | Noticed Menkaure
  4332 | D:5      | Noticed Edmund
  4334 | D:5      | Reached XP level 8. HP: 63/68 MP: 8/8
  4359 | D:5      | Killed Edmund
  4401 | D:5      | Found an ancient bone altar of Kikubaaqudgha.
  4416 | D:5      | Found a blossoming altar of Fedhas.
  4753 | D:5      | Killed Menkaure
  5040 | D:5      | Found a staircase to the Ecumenical Temple.
  5072 | Temple   | Entered the Ecumenical Temple
  5133 | Temple   | Became a worshipper of Xom of Chaos
  5229 | D:6      | XOM: silly message
  5362 | D:6      | XOM: 3-stop teleportation journey
  5551 | D:6      | Reached XP level 9. HP: 77/77 MP: 9/9
  5576 | D:6      | Found Qapn's Food Shoppe.
  5650 | D:6      | XOM: cleaving
  5673 | D:6      | XOM: noise
  5716 | D:6      | XOM: torment (40/78 hp)
  5781 | D:6      | XOM: cleaving
  5897 | D:6      | XOM: scenery: create altars
  6170 | D:7      | Found a hide-covered altar of Uskayaw.
  6177 | D:7      | XOM: fake destruction
  6292 | D:7      | XOM: god gift: potion of flight
  6351 | D:7      | XOM is BORED!
  6351 | D:7      | XOM: medium Conj miscast
  6527 | D:7      | XOM: divination: detect creatures
  6533 | D:7      | XOM: divination: detect items
  6545 | D:7      | Found Wilaz's Magic Scroll Emporium.
  6557 | D:7      | XOM: polymorph orc priest -> adder
  6606 | D:7      | XOM: summons friendly crimson imp
  6781 | D:7      | Found a basalt altar of Yredelemnul.
  6878 | D:7      | XOM: god gift: pair of heavily runed gloves {god gift}
  6881 | D:7      | Got a pair of heavily runed gloves {god gift}
  6887 | D:7      | Identified the +0 pair of gloves of the Hills {rN++ Int+6}
                  | (Xom gifted it to you on level 7 of the Dungeon)
  7190 | D:8      | Noticed a white ugly thing
  7200 | D:8      | Killed a white ugly thing
  7200 | D:8      | Reached skill level 5 in Dodging
  7200 | D:8      | XOM: summons friendly ufetubus
  7250 | D:8      | Noticed a deep elf archer
  7251 | D:8      | Found a transporter.
  7251 | D:8      | Noticed a deep elf archer
  7301 | D:8      | Found an ornate altar of the Wu Jian Council.
  7344 | D:8      | XOM: scenery: create altars
  7384 | D:8      | Found a sparkling altar of Nemelex Xobeh.
  7452 | D:8      | XOM: confuse monster(s)
  7456 | D:8      | XOM: scenery: create altars
  7481 | D:8      | Reached XP level 10. HP: 88/88 MP: 10/10
  7558 | D:8      | Found a glowing golden altar of the Shining One.
  7574 | D:8      | Found a transporter.
  7594 | D:8      | XOM: snakes to sticks
  7624 | D:8      | XOM: cleaving
  7632 | D:8      | XOM: scenery: create altars
  7674 | D:8      | XOM: polymorph killer bee -> river rat
  8033 | D:8      | Reached skill level 10 in Long Blades
  8074 | D:8      | Found a burning altar of Makhleb.
  8074 | D:8      | Noticed a blizzard demon
  8104 | D:8      | Found a basalt altar of Yredelemnul.
  8174 | D:8      | Found a snail-covered altar of Cheibriados.
  8186 | D:8      | Found a white marble altar of Elyvilon.
  8200 | D:8      | Found a shadowy altar of Dithmenos.
  8203 | D:8      | Found a deep blue altar of Sif Muna.
  8218 | D:8      | XOM: 1-stop teleportation journey
  8272 | D:8      | XOM: cloud trail
  8317 | D:8      | XOM: polymorph crimson imp -> shadow imp
  8323 | D:8      | Killed a deep elf archer
  8340 | D:8      | Killed a deep elf archer
  8340 | D:8      | Reached skill level 10 in Shields
  8859 | D:9      | XOM: enchant monster (good)
  8951 | D:9      | XOM: divination: magic mapping
  9408 | D:9      | XOM: cloud trail
  9419 | D:10     | Entered Level 10 of the Dungeon
  9476 | D:10     | XOM: cleaving
  9617 | D:10     | Noticed a skeletal warrior
  9633 | D:10     | Found a transporter.
  9634 | D:10     | Noticed Urug
  9648 | D:10     | Killed Urug
  9648 | D:10     | XOM: summons 10 friendly demons
  9668 | D:10     | Found a transporter.
  9669 | D:10     | Noticed Ashur's ghost (journeyman MiGl)
  9677 | D:10     | Noticed a spectral centaur warrior
  9688 | D:10     | XOM: cast spell 'Leda's Liquefaction'
  9690 | D:10     | XOM: summons friendly crimson imp
  9704 | D:10     | Killed a spectral centaur warrior
  9718 | D:10     | XOM: 4-stop teleportation journey
  9724 | D:10     | XOM: give mutations
  9724 | D:10     | Gained mutation: You can translocate small distances at
                  | will. [Xom's grace]
  9724 | D:10     | Gained mutation: You are resistant to hostile enchantments.
                  | (MR+) [Xom's grace]
  9753 | D:10     | XOM: god gift: short smoking staff {god gift}
  9846 | D:10     | Reached XP level 11. HP: 78/95 MP: 11/11
  9863 | D:10     | XOM: enchant monster (good)
  9902 | D:10     | XOM: summons 9 friendly demons
  9933 | D:10     | Found a staircase to the Lair.
 10409 | D:10     | XOM: confuse monster(s)
 10415 | D:10     | XOM: cleaving
 10434 | D:10     | Killed Ashur's ghost
 10436 | D:10     | XOM: summons 11 friendly demons
 10457 | D:10     | Mangled by a skeletal warrior

Vault maps used:
D:1:      evilmike_arrival_fibonacci_small
D:2:      grunt_ministairs_9, st_stairs_6
D:4:      minmay_spotlight, zin_scriptorium, first_ration, uniq_pikel
D:5:      kennysheep_little_box, overflow_temple_1_default,
          minmay_temple_entry_glassed_door, minmay_ogre_servants, uniq_menkaure,
          uniq_edmund
D:6:      serial_shops, nicolae_shop_stone
D:7:      eat_drink_and_be_merry_uskayaw, lemuel_zombie_altar_yredelemnul,
          serial_shops, shop, wad_rectangle_vault
D:8:      gammafunk_sealed_arena, lemuel_coloured_pillars_altar,
          grunt_temple_overflow_cloverleaf, marbit_many_paths,
          makhleb_altar_promises_db, nicolae_tso_carved_into_rock, basic_altar
D:10:     david_lair_shrubbed, gammafunk_ghost_mausoleum,
          hangedman_little_slice_of_home, st_stairs_10, uniq_urug
Temple:   jpeg_temple_island

Skill      XL: |  1  2  3  4  5  6  7  8  9 10 11 |
---------------+----------------------------------+-----
Fighting       | 4 5 6 7 8 |  8.7
Armour         | 4 5 7 9 |  9.3
Shields        | 4 5 6 8 9 10 11 | 11.1
Long Blades    | 3 4 5 6 7 9 11 | 11.9
Dodging        | 1 2 3 4 5 6 |  6.3
Evocations     | 1 2 |  2.0

Action                   |  1- 3 |  4- 6 |  7- 9 | 10-12 || total
-------------------------+-------+-------+-------+-------++-------
Melee: Long sword        |   102 |   140 |   360 |   131 ||   733
       Headbutt          |    12 |    18 |    63 |    67 ||   160
       Scimitar          |       |       |       |   173 ||   173
 Abil: Evoke Berserk Rag |       |     1 |     4 |     1 ||     6
Evoke: Wand              |       |    12 |       |     2 ||    14
  Use: Scroll            |       |       |    14 |     6 ||    20
       Potion            |       |       |       |     5 ||     5
 Stab: Confused          |       |       |     2 |       ||     2
       Paralysed         |       |       |       |     3 ||     3
  Eat: Chunk             |     1 |     7 |    11 |     8 ||    27
       Ration            |       |       |     2 |     1 ||     3
Armor: Scale mail        |    48 |    62 |    63 |       ||   173
       Plate armour      |       |       |    44 |   110 ||   154
Dodge: Dodged            |    32 |    34 |    93 |    92 ||   251
Block: Shield            |    53 |    88 |   185 |   181 ||   507
       Rpst.: Long sword |     8 |     4 |    26 |    13 ||    51
       Scimitar          |       |       |       |    13 ||    13

Table legend:
 A = Non-vault XP
 B = Vault XP
 C = Vault XP percentage of total XP
 D = Non-vault monster count
 E = Vault monster count
 F = Vault count percentage of total count
                 A         B        C        D         E       F
            +---------+---------+-------+---------+---------+-------
      Total |    7720 |    5899 |  43.3 |     242 |      50 |  17.1
            +---------+---------+-------+---------+---------+-------
        D:1 |      38 |       2 |   5.0 |      22 |       2 |   8.3
        D:2 |      68 |       7 |   9.3 |      22 |       4 |  15.4
        D:3 |     132 |     641 |  82.9 |      23 |       1 |   4.2
        D:4 |      98 |     109 |  52.7 |      13 |       3 |  18.8
        D:5 |     801 |     448 |  35.9 |      27 |      11 |  28.9
        D:6 |     837 |       0 |   0.0 |      18 |       0 |   0.0
        D:7 |    1028 |     197 |  16.1 |      30 |       6 |  16.7
        D:8 |    1796 |    1116 |  38.3 |      23 |       4 |  14.8
        D:9 |     805 |       0 |   0.0 |      17 |       0 |   0.0
       D:10 |    2117 |    3379 |  61.5 |      47 |      19 |  28.8
            +---------+---------+-------+---------+---------+-------
